 Dungeon Crawl Stone Soup version 0.32-a0-599-gba8f9cf90e (webtiles) character file.

Game seed: 13626071904714852478

36133 ragingrage the Marksdraconian (level 13, 0/93 HPs)
             Began as a Green Draconian Hexslinger on Mar 2, 2024.
             Was a High Priest of Hepliaklqana.
             Slain by a seven-headed hydra (9 damage)
             ... on level 5 of the Lair of Beasts.
             The game lasted 00:23:21 (16461 turns).

ragingrage the Marksdraconian (DrHs)               Turns: 16461, Time: 00:23:21

Health: 0/93       AC: 13    Str: 10    XL:     13   Next: 51%
Magic:  6/17       EV: 14    Int: 14    God:    Hepliaklqana [*****.]
Gold:   1182       SH:  0    Dex: 19    Spells: 5/16 levels left

rFire   + . .        a - +0 arbalest
rCold   + . .        (shield currently unavailable)
rNeg    . . .        (body armour unavailable)
rPois   +            (helmet restricted)
rElec   .            H - +2 cloak {rPois}
rCorr   .            (no gloves)
SInv    .            I - +1 pair of boots
Will    .....        (no amulet)
Stlth   ++           C - ring of protection from cold
HPRegen 0.35/turn    E - ring "Xonih" {Fly rF+ Slay+5}
MPRegen 0.15/turn

%: no passive effects
@: flying
A: reduced essence, noxious breath, AC +8, unfitting armour, poison resistance,
cold-blooded
a: Noxious Breath, Renounce Religion, Recall Ancestor, Ancestor Identity,
Transference, Idealise


You were on level 5 of the Lair of Beasts.
You worshipped Hepliaklqana.
Hepliaklqana was extremely pleased with you.
You visited 3 branches of the dungeon, and saw 17 of its levels.
You also visited: Bailey and Gauntlet.

You collected 1512 gold pieces.
You spent 330 gold pieces at shops.

Inventory:

Hand Weapons
 a - a +0 arbalest (weapon)
 j - a +2 dagger of draining
 N - the +6 dagger of the Building Gods {antimagic, Str+3 Dex+3 SInv}
   (You took it off an orc on level 9 of the Dungeon)

   Str+3:     It affects your strength (+3).
   Dex+3:     It affects your dexterity (+3).
   SInv:      It lets you see invisible.
Missiles
 o - 9 curare-tipped darts
 B - 34 poisoned darts
 L - 2 throwing nets
Armour
 H - a +2 cloak of poison resistance (worn)
 I - a +1 pair of boots (worn)
 P - a +1 hat
Jewellery
 v - a ring of protection from fire
 C - a ring of protection from cold (left hand)
 E - the ring "Xonih" (right hand) {Fly rF+ Slay+5}
   (You acquired it on level 4 of the Lair of Beasts)

   [ring of flight]

   Slay+5:    It affects your accuracy & damage with ranged weapons and melee
   (+5).
   rF+:       It protects you from fire.
   Fly:       It grants you flight.
 S - a ring of positive energy
Wands
 k - a wand of acid (4)
 y - a wand of digging (9)
 A - a wand of flame (49)
 K - a wand of paralysis (10)
 M - a wand of iceblast (15)
 O - a wand of mindburst (6)
Scrolls
 b - 2 scrolls of poison
 e - 3 scrolls of revelation
 f - 3 scrolls of immolation
 g - 3 scrolls of vulnerability
 i - 8 scrolls of teleportation
 m - 5 scrolls of amnesia
 n - 2 scrolls of fear
 p - 4 scrolls of fog
 q - 2 scrolls of brand weapon
 r - 7 scrolls of blinking
 F - a scroll of enchant weapon {unknown}
 Q - 2 scrolls of noise
Potions
 c - 5 potions of brilliance {unknown}
 d - 3 potions of might
 h - 2 potions of heal wounds
 l - 4 potions of attraction {unknown}
 s - 4 potions of mutation
 t - 2 potions of lignification
 u - 3 potions of ambrosia
 w - 5 potions of enlightenment
 x - 3 potions of curing
 z - 5 potions of cancellation
 D - 4 potions of berserk rage
 R - 3 potions of invisibility {unknown}
Miscellaneous
 G - a phantom mirror (inert)


   Skills:
 + Level 6.6 Fighting
 - Level 18.0 Ranged Weapons
 + Level 4.0 Dodging
 - Level 2.0 Spellcasting
 - Level 4.0 Hexes
 - Level 2.0 Fire Magic
 + Level 9.2 Alchemy
 * Level 6.1 Invocations


You had 5 spell levels left.
You knew the following spells:

 Your Spells              Type           Power      Damage    Failure   Level
a - Jinxbite              Hex            24%        N/A       7%          2
b - Olgreb's Toxic Radia  Alch           27%        N/A       5%          4
c - Inner Flame           Hex/Fire       9%         N/A       21%         3
d - Blink                 Tloc           2%         N/A       34%         2

Your spell library contained the following spells:

 Spells                   Type           Power      Damage    Failure   Level
 Sting                    Conj/Alch      56%        1d6       3%          1
 Mercury Vapours          Alch/Air       28%        N/A       5%          2
 Sigil of Binding         Hex            12%        N/A       14%         3
 Ensorcelled Hibernation  Hex/Ice        14%        N/A       16%         2
 Alistair's Intoxication  Alch           18%        N/A       16%         5
 Mephitic Cloud           Conj/Alch/Air  10%        N/A       21%         3
 Apportation              Tloc           2%         N/A       24%         1
 Necrotise                Necr           4%         1d4       24%         1
 Sandblast                Erth           2%         2d4       24%         1
 Summon Small Mammal      Summ           4%         N/A       24%         1
 Dazzling Flash           Conj/Hex       14%        N/A       30%         3
 Lesser Beckoning         Tloc           2%         N/A       34%         2
 Momentum Strike          Conj/Tloc      2%         3d8       34%         2
 Cause Fear               Hex            6%         N/A       41%         4
 Fugue of the Fallen      Necr           1%         N/A       56%         3
 Passwall                 Erth           1%         N/A       56%         3
 Stone Arrow              Conj/Erth      2%         3d7       56%         3
 Anguish                  Hex/Necr       3%         N/A       71%         4
 Dimensional Bullseye     Hex/Tloc       3%         N/A       71%         4
 Brom's Barrelling Bould  Conj/Erth      1%         2d3       93%         4
 Vhi's Electric Charge    Tloc/Air       2%         N/A       93%         4
 Silence                  Hex/Air        3%         N/A       96%         5
 Arcjolt                  Conj/Air       0%         1d10      100%        5
 Curse of Agony           Necr           1%         N/A       100%        5
 Iskenderun's Battlesphe  Conj           1%         2d6       100%        5
 Bombard                  Conj/Erth      0%         9d1       100%        6
 Spellforged Servitor     Conj/Summ      0%         N/A       100%        7
 Maxwell's Capacitive Co  Air            0%         ∞         100%        8


Dungeon Overview and Level Annotations

Branches:
Dungeon (11/15)            Temple (1/1) D:5            Lair (5/5) D:10
 Shoals (0/4) Lair:3        Snake (0/4) Lair:2        Slime (0/5) Lair:4
    Orc (0/2) D:9          Bailey (visited)         Gauntlet (visited)

Altars:
Ashenzari
Cheibriados
Dithmenos
Elyvilon
Fedhas
Gozag
Hepliaklqana
Kikubaaqudgha
Makhleb
Nemelex Xobeh
Okawaru
Qazlal
Sif Muna
Trog
Uskayaw
Vehumet
Wu Jian
Xom
Yredelemnul
Zin
The Shining One
Jiyva

Shops:
D:1 (   D:7 !

Annotations:
D:5 exclusion: downstairs
D:10 1 runed translucent door, jasper's ghost, novice SpAl
Lair:2 3 runed translucent doors, Puxitopt's ghost, journeyman DjCj
Lair:4 2 runed translucent doors, jasper's ghost, journeyman DsCA


Innate Abilities, Weirdness & Mutations

Your life essence is reduced to manifest your ancestor. (-10% HP)
You can breathe blasts of noxious fumes.
Your lurid green scales are hard. (AC +8)
You cannot fit into any form of body armour.
Your system is resistant to poisons. (rPois)
You are cold-blooded and may be slowed by cold attacks.


Message History

* * * LOW HITPOINT WARNING * * *
You hold your ground!
The elephant misses you.
The seven-headed hydra barely misses you.
The seven-headed hydra bites you but does no damage. x4
The seven-headed hydra bites you!
* * * LOW HITPOINT WARNING * * *
The seven-headed hydra closely misses you.
Your Dodging skill increases to level 4!
You feel much better.
A nearby fungus withers and dies.
The elephant barely misses Ivaubb.
The elephant closely misses Ivaubb.
The elephant closely misses you. The elephant completely misses you.
The seven-headed hydra barely misses you.
The seven-headed hydra bites you but does no damage. x2
The seven-headed hydra closely misses you. x2
The seven-headed hydra completely misses you.
The seven-headed hydra bites you.
You shoot a bolt. The bolt hits the seven-headed hydra!
Ivaubb hits the seven-headed hydra with a +0 flail!
The elephant tramples you!
You hold your ground!
The elephant trunk-slaps you but does no damage.
The seven-headed hydra bites you but does no damage.
The seven-headed hydra closely misses you.
The seven-headed hydra bites you but does no damage.
The seven-headed hydra closely misses you.
The seven-headed hydra bites you but does no damage.
The seven-headed hydra bites you. x2
* * * LOW HITPOINT WARNING * * *
Unknown command.
You shoot a bolt. The bolt hits the seven-headed hydra.
The elephant tramples Ivaubb but does no damage.
The elephant trunk-slaps Ivaubb.
The elephant barely misses you. The elephant closely misses you.
The seven-headed hydra completely misses you.
The seven-headed hydra bites you!
* * * LOW HITPOINT WARNING * * *
The seven-headed hydra bites you!
* * * LOW HITPOINT WARNING * * *
The seven-headed hydra bites you!
You die...
Hepliaklqana delivers you to your ancestors.

#### #.@# #DY# ##R†#
##### #.Y.## ###
##...###..#.###..#
##.....##..†###.R.##..#
P.#.....P.....S#.<.....#
#...........<....##....#
##...........Y.........#


You could see the friendly Ivaubb the knight, a seven-headed hydra and 2
elephants.

Vanquished Creatures
  A minotaur (Gauntlet)
  A hydra (Lair:4)
  A catoblepas (Lair:2)
  2 two-headed ogres
  A boulder beetle (D:11)
  3 death yaks (Lair:4)
  Sonja (Lair:2)
  A skyshark (Lair:5)
  3 harpies (Lair:3)
  An ugly thing (D:10)
  A moth of wrath (Gauntlet)
  3 elephants
  Joseph (D:7)
  7 cane toads
  5 rime drakes
  5 komodo dragons
  3 hornets
  4 blink frogs (Lair:3)
  A basilisk (Lair:1)
  30 yaks
  4 wyverns
  2 acid dragons
  2 nagas (Lair:2)
  14 water moccasins
  14 orc warriors
  2 sky beasts
  2 ice beasts
  2 ogres (D:5)
  4 wolves
  3 centaurs
  2 kobold brigands (D:9)
  3 scorpions
  7 bullfrogs
  4 gnoll sergeants
  3 wights (D:8)
  17 killer bees
  2 howler monkeys
  A jelly (D:8)
  3 hounds (D:6)
  9 orc priests
  8 iguanas
  7 orc wizards
  2 sleepcaps
  19 gnolls
  3 adders
  A shadow imp (D:5)
  2 white imps
  2 dart slugs
  3 ribbon worms
  26 orcs
  9 ball pythons
  3 endoplasms (D:1)
  5 giant cockroaches
  17 goblins
  2 hobgoblins
  29 kobolds
  11 quokkas
  4 bats
  3 frilled lizards
  7 rats
338 creatures vanquished.

Vanquished Creatures (collateral kills)
  A death yak (Lair:4)
  An orange crystal statue (Gauntlet)
  A black mamba (Lair:2)
  3 elephants
  2 cane toads
  2 rime drakes (Lair:4)
  A troll (D:10)
  A blink frog (Lair:3)
  A shadow (D:11)
  A wraith (D:11)
  A wyvern (D:10)
  15 yaks
  A naga (Lair:2)
  An acid dragon (D:11)
  A water moccasin (Lair:4)
  4 wolves
  A centaur (D:8)
  2 bullfrogs (Lair:4)
  A kobold brigand (D:7)
  A wight (D:9)
  8 killer bees
  3 orc priests
  2 iguanas
  A gnoll (D:9)
  6 orcs
  A kobold (D:9)
63 creatures vanquished.

Vanquished Creatures (others)
  6 knights
  4 ancestors
10 creatures vanquished.

Grand Total: 411 creatures vanquished

Notes
Turn   | Place    | Note
-------+----------+-------------------------------------------
     0 | D:1      | ragingrage the Draconian Hexslinger began the quest for the
                  | Orb.
     0 | D:1      | Reached XP level 1. HP: 16/16 MP: 2/2
    69 | D:1      | Reached skill level 2 in Ranged Weapons
   168 | D:1      | Found Lerch's Weapon Boutique.
   178 | D:1      | Reached XP level 2. HP: 23/23 MP: 3/3
   227 | D:1      | Learned a level 2 spell: Jinxbite
   576 | D:1      | Reached skill level 3 in Ranged Weapons
   620 | D:1      | Reached XP level 3. HP: 28/28 MP: 4/4
  1873 | D:3      | Reached XP level 4. HP: 16/35 MP: 2/5
  2005 | D:3      | Noticed a bullfrog
  2014 | D:3      | Killed a bullfrog
  2015 | D:3      | Reached skill level 4 in Ranged Weapons
  2015 | D:3      | Reached XP level 5. HP: 35/40 MP: 3/6
  2676 | D:4      | Noticed a sky beast
  2838 | D:4      | Killed a sky beast
  2839 | D:4      | Reached skill level 5 in Ranged Weapons
  2839 | D:4      | Reached XP level 6. HP: 47/47 MP: 3/7
  3345 | D:5      | Entered Level 5 of the Dungeon
  3380 | D:4      | Reached skill level 6 in Ranged Weapons
  3499 | D:5      | Found a white marble altar of Elyvilon.
  3622 | D:5      | Noticed an ice beast
  3638 | D:5      | Killed an ice beast
  3639 | D:5      | Your scales start taking on a lurid green colour.
  3639 | D:5      | Reached XP level 7. HP: 52/52 MP: 4/8
  3639 | D:5      | Gained mutation: Your system is resistant to poisons.
                  | (rPois) [Green Draconian growth]
  3738 | D:5      | Found a staircase to the Ecumenical Temple.
  3744 | Temple   | Entered the Ecumenical Temple
  3766 | D:5      | Found a blossoming altar of Fedhas.
  3766 | D:5      | Found a hide-covered altar of Uskayaw.
  3864 | D:5      | Reached skill level 7 in Ranged Weapons
  4275 | D:5      | Reached skill level 8 in Ranged Weapons
  4788 | D:5      | Reached XP level 8. HP: 53/59 MP: 5/9
  4934 | D:6      | Found a hazy altar of Hepliaklqana.
  4942 | D:6      | Became a worshipper of Hepliaklqana the Forgotten
  5072 | D:6      | Reached skill level 9 in Ranged Weapons
  5125 | D:6      | Found a stormy altar of Qazlal.
  5144 | D:6      | Found an opulent altar of Gozag.
  5302 | D:7      | Found a flagged portal.
  5334 | D:7      | Noticed Joseph
  5587 | D:7      | Reached skill level 10 in Ranged Weapons
  5617 | Bailey   | Entered a bailey
  5712 | Bailey   | Reached XP level 9. HP: 64/64 MP: 5/10
  5898 | Bailey   | Reached skill level 11 in Ranged Weapons
  6351 | D:7      | Found a broken altar of Ashenzari.
  6489 | D:7      | Reached * piety under Hepliaklqana
  7003 | D:6      | Found a glowing silver altar of Zin.
  7143 | D:6      | Reached skill level 12 in Ranged Weapons
  7252 | D:7      | Killed Joseph
  7375 | D:7      | Found Zenun's Distillery.
  7459 | D:7      | Bought a potion of degeneration for 15 gold pieces
  7459 | D:7      | Bought a potion of heal wounds for 75 gold pieces
  7459 | D:7      | Bought a potion of lignification for 45 gold pieces
  7459 | D:7      | Bought a potion of mutation for 120 gold pieces
  7459 | D:7      | Bought a potion of berserk rage for 75 gold pieces
  7528 | D:8      | Noticed a two-headed ogre
  7554 | D:8      | Killed a two-headed ogre
  7555 | D:8      | Reached skill level 13 in Ranged Weapons
  7555 | D:8      | Reached XP level 10. HP: 9/63 MP: 8/11
  7802 | D:8      | Found a radiant altar of Vehumet.
  7989 | D:8      | You fall into a shaft and drop 3 floors!
  8067 | D:11     | Noticed a two-headed ogre
  8084 | D:11     | Killed a two-headed ogre
  8453 | D:11     | Noticed a boulder beetle
  8470 | D:11     | Killed a boulder beetle
  8471 | D:11     | Reached skill level 14 in Ranged Weapons
  8494 | D:11     | Reached ** piety under Hepliaklqana
  8495 | D:11     | Remembered your ancestor Ivaubb as a knight
  8811 | D:10     | Entered Level 10 of the Dungeon
  8827 | D:10     | Found an iron altar of Okawaru.
  8875 | D:10     | Noticed a cyan ugly thing
  8885 | D:10     | Killed a cyan ugly thing
  8967 | D:10     | Reached skill level 15 in Ranged Weapons
  9077 | D:10     | Learned a level 4 spell: Olgreb's Toxic Radiance
  9155 | D:10     | Reached skill level 1 in Alchemy
  9155 | D:10     | Reached XP level 11. HP: 69/69 MP: 9/12
  9205 | D:10     | Found a snail-covered altar of Cheibriados.
  9811 | D:10     | Found a staircase to the Lair.
  9938 | D:10     | Found a runed translucent door.
  9941 | D:10     | Noticed a spriggan rider
  9941 | D:10     | Noticed jasper's ghost (novice SpAl)
  9942 | D:10     | Identified the +2 spear "Akliwije" {flame, *Rage rCorr
                  | Str+6 SInv}
 10454 | D:9      | Found a shadowy altar of Dithmenos.
 10765 | D:9      | Reached skill level 5 in Alchemy
 10964 | D:9      | Found a glowing golden altar of the Shining One.
 10972 | D:9      | Identified the +6 dagger of the Building Gods {antimagic,
                  | Str+3 Dex+3 SInv}
 10976 | D:9      | Found an ornate altar of the Wu Jian Council.
 11066 | D:9      | Found a staircase to the Orcish Mines.
 11616 | D:8      | Reached *** piety under Hepliaklqana
 11907 | Lair:1   | Entered Level 1 of the Lair of Beasts
 12125 | Lair:1   | Reached skill level 16 in Ranged Weapons
 12160 | Lair:1   | Learned a level 3 spell: Inner Flame
 12502 | Lair:1   | Reached XP level 12. HP: 76/76 MP: 14/14
 12920 | Lair:1   | You fall into a shaft and drop 1 floor!
 12932 | Lair:2   | Found a gate leading to a gauntlet.
 12936 | Lair:2   | Noticed Sonja
 12940 | Lair:2   | Killed Sonja
 12956 | Gauntlet | Entered a Gauntlet
 12956 | Gauntlet | Found a transporter.
 12956 | Gauntlet | Found a transporter.
 12958 | Gauntlet | Found a transporter.
 12959 | Gauntlet | Found a transporter.
 12961 | Gauntlet | Found a transporter.
 12970 | Gauntlet | Found a transporter.
 12970 | Gauntlet | Found a transporter.
 12972 | Gauntlet | Found a transporter.
 12974 | Gauntlet | Noticed a death scarab
 12976 | Gauntlet | Noticed a death scarab
 12980 | Gauntlet | Found a transporter.
 12980 | Gauntlet | Found a transporter.
 13009 | Gauntlet | Found a transporter.
 13032 | Gauntlet | Found a transporter.
 13350 | Gauntlet | Reached skill level 5 in Fighting
 13447 | Gauntlet | Identified the +1 fire dragon scales of the Wilderness
                  | {*Corrode rElec rF++ rC- SInv Stlth+}
 13447 | Gauntlet | Identified the ring "Gocorid" {rElec rN+}
 13447 | Gauntlet | Noticed a minotaur
 13450 | Gauntlet | Killed a minotaur
 13455 | Gauntlet | Identified the granite talisman of Patience {*Corrode
                  | Int+4}
 13491 | Lair:2   | Found a staircase to the Snake Pit.
 13552 | Lair:2   | Noticed a catoblepas
 13563 | Lair:2   | Killed a catoblepas
 13618 | Lair:2   | Reached **** piety under Hepliaklqana
 13700 | Lair:2   | Reached skill level 17 in Ranged Weapons
 13703 | Lair:2   | Found a runed translucent gate.
 13703 | Lair:2   | Found a runed translucent gate.
 13703 | Lair:2   | Found a runed translucent gate.
 13704 | Lair:2   | Noticed Puxitopt's ghost (journeyman DjCj)
 14038 | Lair:2   | Found a viscous altar of Jiyva.
 14615 | Lair:3   | Found a staircase to the Shoals.
 15196 | Lair:4   | Reached skill level 18 in Ranged Weapons
 15230 | Lair:4   | Reached XP level 13. HP: 74/90 MP: 13/16
 15237 | Lair:4   | Reached skill level 1 in Invocations
 15354 | Lair:4   | Identified a scroll of acquirement
 15355 | Lair:4   | Acquired the ring "Xonih" {Fly rF+ Slay+5}
 15386 | Lair:4   | Found a large runed translucent door.
 15386 | Lair:4   | Found a large runed translucent door.
 15409 | Lair:4   | Noticed jasper's ghost (journeyman DsCA)
 15660 | Lair:4   | Found a viscous altar of Jiyva.
 15661 | Lair:4   | Found a staircase to the Slime Pits.
 15881 | Lair:4   | Found a white marble altar of Elyvilon.
 16027 | Lair:4   | Reached ***** piety under Hepliaklqana
 16040 | Lair:4   | Reached skill level 5 in Invocations
 16053 | Lair:4   | Learned a level 2 spell: Blink
 16423 | Lair:5   | Entered Level 5 of the Lair of Beasts
 16461 | Lair:5   | Slain by a seven-headed hydra

Illustrated notes

Levels and vault maps discovered:
D:1:      spicycebolla_arrival_xxxplode, layout_loops_ring, serial_shops,
          nicolae_shop_scrapyard, minmay_hexomino_u4
D:2:      layout_basic
D:3:      layout_basic, nrook_mini_vaults
D:4:      layout_rooms, grunt_decor_fettered
D:5:      layout_rooms, elyvilon_altar_1, nicolae_overflow_hidden_temple,
          minmay_temple_entry_hall
D:6:      layout_cave_pods, pdpol_temple_overflow_zin_treasury_gozag_greed,
          lemuel_doored_altar, mainiacjoe_overflow_paths,
          nicolae_fountain_basement
D:7:      layout_basic, general_overflow_altar, serial_shops,
          nicolae_shop_tiny_real_fake_doors, enter_bailey_5,
          kennysheep_big_empty_room, kennysheep_generic_room_14, uniq_joseph
D:8:      layout_loops_cross, mainiacjoe_overflow_cross_hatched, serial_glass,
          glass_columns_b, glass_columns_a, serial_bayou_pond_c
D:9:      layout_loops_cross, mainiacjoe_overflow_surrounded_room,
          gammafunk_temple_overflow_statue, orc_0_dummy
D:10:     layout_rooms, mainiacjoe_overflow_concentric_impassable,
          nicolae_overflow_crystal_walls, erik_lair_dragon,
          ebering_ghost_funeral_grove
D:11:     layout_stronghold
Temple:   hellmonk_temple_beads
Lair:1:   layout_layer_cave, chequers_serial_rivers_marsh, grunt_megastairs_4
Lair:2:   layout_big_grid, guppyfry_snake_entry_garden, gauntlet_entry_generic,
          gammafunk_ghost_ooze, uniq_sonja
Lair:3:   layout_regular_city, nicolae_shoals_entry_roost
Lair:4:   layout_long_grid, slime_entry_1, basic_altar,
          ebering_ghost_disaster_area, fungi_pond_lemuel, minmay_lair_drake_nest
Lair:5:   evilmike_catoblepas_cave, layout_cave_shapes

Skill      XL: |  1  2  3  4  5  6  7  8  9 10 11 12 13 |
---------------+----------------------------------------+-----
Ranged Weapons | 2 3 4 5 6 8 10 13 15 16 18 | 18.0
Hexes          | 3 4 |  4.0
Alchemy        | 1 9 |  9.2
Fighting       | 2 5 6 |  6.6
Spellcasting   | 2 |  2.0
Fire Magic     | 2 |  2.0
Invocations    | 6 |  6.1
Dodging        | 4 |  4.0

Action                     |  1- 3 |  4- 6 |  7- 9 | 10-12 | 13-15 || total
---------------------------+-------+-------+-------+-------+-------++-------
  Melee: Sling             |       |     4 |       |       |       ||     4
         Dagger            |       |       |       |    13 |       ||    13
         Tailslap          |       |       |       |     2 |       ||     2
   Fire: Sling             |   143 |   179 |   439 |    14 |       ||   775
         Orcbow            |       |       |       |   133 |       ||   133
         Arbalest          |       |       |       |   497 |   109 ||   606
  Throw: Dart              |       |       |     7 |     7 |       ||    14
   Cast: Jinxbite          |     9 |    24 |    60 |    37 |     1 ||   131
         Olgreb's Toxic Ra |       |       |       |     1 |    11 ||    12
 Invoke: Recall Ancestor   |       |       |       |    11 |     5 ||    16
         Ancestor Life: Kn |       |       |       |     1 |       ||     1
         Transference      |       |       |       |     2 |       ||     2
Ability: Noxious Breath    |       |       |     5 |     5 |     3 ||    13
  Evoke: Wand              |       |       |       |     3 |     1 ||     4
         Phantom mirror    |       |       |       |       |     1 ||     1
    Use: Potion            |       |     3 |       |     2 |     2 ||     7
         Scroll            |       |       |     7 |     3 |     9 ||    19
 Armour: Skin              |    36 |    82 |   109 |   185 |    71 ||   483
  Dodge: Dodged            |    37 |    75 |   128 |   149 |    65 ||   454

Table legend: (Time is in decaauts)
 A = Elapsed time spent in this place.
 B = Non-inter-level travel time spent in this place.
 C = Inter-level travel time spent in this place.
 D = Time resting spent in this place.
 E = Time spent auto-exploring this place.
 F = Levels seen in this place.
 G = Mean time per level.
                   A        B        C        D        E       F      G
               +--------+--------+--------+--------+--------+-----+--------+
         Total |  16528 |  15925 |    603 |   2384 |  10419 |  19 |  869.9 |
       Dungeon |  11377 |  10821 |    556 |   1682 |   7077 |  11 | 1034.3 |
        Temple |      1 |      1 |      0 |      0 |      0 |   1 |    1.0 |
          Lair |   4078 |   4031 |     47 |    431 |   2916 |   5 |  815.6 |
        Bailey |    561 |    561 |      0 |     38 |    288 |   1 |  561.0 |
      Gauntlet |    509 |    509 |      0 |    232 |    137 |   1 |  509.0 |
               +--------+--------+--------+--------+--------+-----+--------+

Top non-repeatable levels by time:
    D:10: 1541 daAuts
     D:5: 1314 daAuts
  Lair:4: 1246 daAuts
     D:6: 1196 daAuts
     D:7: 1173 daAuts
     D:3: 1120 daAuts
  Lair:3: 1118 daAuts
  Lair:1: 1031 daAuts
     D:8: 926 daAuts
     D:9: 908 daAuts
    D:11: 857 daAuts
     D:2: 845 daAuts
     D:4: 748 daAuts
     D:1: 745 daAuts
  Lair:2: 644 daAuts
